 Dungeon Crawl Stone Soup version 0.31-a0-236-g9a0961fb85 (webtiles) character file.

Game seed: 1343985577928123480

81 qw the Shooter (level 4, -1/26 HPs)
             Began as a Gargoyle Hexslinger on July 10, 2023.
             Slain by an orc priest
             ... wielding a +0 whip
              (4 damage)
             ... on level 3 of the Dungeon.
             The game lasted 00:00:45 (1766 turns).

qw the Shooter (Gargoyle Hexslinger)                Turns: 1766, Time: 00:00:46

Health: -1/26      AC:  8    Str: 11    XL:     4   Next: 42%
Magic:  5/5        EV: 10    Int: 14    God:
Gold:   77         SH:  0    Dex: 14    Spells: 4/5 levels left

rFire   . . .        Y - +3 sling (freeze)
rCold   . . .        (no shield)
rNeg    + . .        f - +0 ring mail
rPois   inf          (no helmet)
rElec   +            (no cloak)
rCorr   .            (no gloves)
SInv    .            (no boots)
Will    .....        (no amulet)
Stlth   +            (no ring)
HPRegen 0.24/turn    (no ring)
MPRegen 0.09/turn

%: no passive effects
@: about to teleport
A: sickness immunity, AC +3, negative energy resistance 1, electricity
resistance, torment resistance 1, petrification resistance
a: no special abilities


You were on level 3 of the Dungeon.
You visited 1 branch of the dungeon, and saw 3 of its levels.

You collected 77 gold pieces.


Innate Abilities, Weirdness & Mutations

You are immune to sickness and miasma.
Your stone body is resilient. (AC +3)
You are immune to poison.
You resist negative energy. (rN+)
You are resistant to electric shocks. (rElec)
You are resistant to unholy torment.
You are immune to petrification.


   Skills:
 - Level 2.0 Fighting
 + Level 4.0 Ranged Weapons
 - Level 1.0 Armour
 - Level 1.5 Dodging
 - Level 1.0 Spellcasting
 - Level 2.6 Hexes


You had 4 spell levels left.
You knew the following spells:

 Your Spells              Type           Power      Damage    Failure   Level
a - Slow                  Hex            32%        N/A       21%         1

Your spell library contained the following spells:

 Spells                   Type           Power      Damage    Failure   Level
 Inner Flame              Hex/Fire       4%         N/A       71%         3
 Portal Projectile        Hex/Tloc       8%         N/A       71%         3
 Cause Fear               Hex            4%         N/A       90%         4

Inventory:

Hand Weapons
 Y - a +3 sling of freezing (weapon)
Armour
 f - a +0 ring mail (worn)
Scrolls
 d - a scroll of identify
Potions
 c - a potion of degeneration {unknown}
 j - a potion of heal wounds {unknown}
 k - a potion of cancellation {unknown}
 l - a potion of curing {unknown}

Dungeon Overview and Level Annotations

Branches:
Dungeon (3/15)

Altars:

Shops:
D:1 ?   D:2 =


Message History

An orc wizard comes into view. It is wielding a +0 dagger.
Found a warped chain mail.
The orc wizard shouts!
An orc priest comes into view. It is wielding a +0 whip.
The orc wizard moves out of view.
You shoot a sling bullet.
The sling bullet barely misses the orc priest.
The orc priest shouts!
1758 ||| Stepping ~*~*~tactically~*~*~ (outnumbered).
There is a stone staircase leading up here.
1760 ||| Stepping ~*~*~tactically~*~*~ (outnumbered).
There is a stone staircase leading up here.
An orc comes into view. It is wielding a +0 dagger.
The orc shouts!
You hear a shout!
You shoot a sling bullet. The sling bullet hits the orc wizard.
The sling bullet freezes the orc wizard.
The orc wizard is moderately wounded.
An orc priest comes into view. It is wielding a +0 flail.
You shoot a sling bullet.
The sling bullet barely misses the orc wizard.
The orc wizard mumbles some strange words.
The orc wizard flickers and vanishes!
Deactivating autopickup; reactivate with Ctrl-A.
You shoot a sling bullet. The sling bullet hits the orc priest.
The sling bullet freezes the orc priest.
The orc priest is moderately wounded.
Something hits you but does no damage. x2
The orc priest mumbles some strange prayers to Beogh against you.
Beogh smites you!
Ouch! That really hurt!
You shoot a sling bullet. The sling bullet hits the orc priest.
The sling bullet freezes the orc priest.
The orc priest is severely wounded.
The orc priest mumbles some strange prayers to Beogh against you.
Beogh smites you! The orc hits you but does no damage. Something hits you.
1766 ||| READING scroll of teleportation.
As you read the scroll of teleportation, it crumbles to dust.
You feel strangely unstable. The orc priest hits you with a +0 whip.
You die...

#..[....
#......#
#......
..... #...#
#.#####...#
....o..oo.#
####{@.##
#...<...#
#.#.###.#
#.#...#.#
#.#.#.# #
#.#.###
..#.. #####


You could see 2 orc priests and an orc.

Vanquished Creatures
  4 adders (D:2)
  A worm (D:2)
  A dart slug (D:1)
  4 ball pythons
  8 endoplasms
  2 goblins
  2 hobgoblins (D:1)
  A quokka (D:2)
  6 bats
  5 frilled lizards (D:1)
  4 kobolds
  4 rats
42 creatures vanquished.

Notes
Turn   | Place    | Note
-------+----------+-------------------------------------------
     0 | D:1      | qw the Gargoyle Hexslinger began the quest for the Orb.
     0 | D:1      | Reached XP level 1. HP: 12/12 MP: 2/2
     0 | D:1      | 0 ||| qw: Version: 0.3-a-52-g30416fa
     0 | D:1      | 0 ||| qw: Game counter: 4814
     0 | D:1      | 0 ||| qw: Melee chars always use a shield: true
     0 | D:1      | 0 ||| qw: God list: Okawaru
     0 | D:1      | 0 ||| qw: Allow faded altars: false
     0 | D:1      | 0 ||| qw: Do Orc after clearing Dungeon:15 true
     0 | D:1      | 0 ||| qw: Do second Lair branch before Depths: true
     0 | D:1      | 0 ||| qw: Lair rune preference: random
     0 | D:1      | 0 ||| qw: Goals: Normal
     0 | D:1      | 0 ||| PLANNING D:1-11
   110 | D:1      | Reached XP level 2. HP: 13/16 MP: 3/3
   259 | D:1      | Found Orioleyw's Magic Scroll Shoppe.
   262 | D:1      | 262 ||| SHOPLISTING scroll of enchant armour (75 gold, have
                  | 18).
   262 | D:1      | 262 ||| SHOPLISTING scroll of identify (20 gold, have 18).
   262 | D:1      | 262 ||| SHOPLISTING scroll of teleportation (30 gold, have
                  | 18).
   321 | D:1      | Reached skill level 3 in Ranged Weapons
   413 | D:1      | Reached XP level 3. HP: 21/21 MP: 4/4
   786 | D:1      | 786 ||| UPGRADING to +0 ring mail.
   796 | D:1      | 796 ||| DROPPING +0 robe.
   797 | D:1      | 797 ||| READING scroll labelled BIRPHU BOSOM.
   798 | D:1      | 798 ||| READING 2 scrolls labelled MEMUTI SIQAM.
   799 | D:1      | 799 ||| READING scroll labelled ADGHOJ ATAFFUAPP.
   815 | D:1      | 815 ||| READING scroll labelled PIPYMNIHULL.
   816 | D:1      | 816 ||| READING scroll labelled ISIOMNAGUCZE.
   820 | D:1      | 820 ||| DROPPING scroll of poison.
   821 | D:1      | 821 ||| DROPPING scroll of immolation.
   947 | D:2      | Found Uceul's Jewellery Shop.
   952 | D:2      | 952 ||| SHOPLISTING +5 ring of evasion (432 gold, have 26).
   952 | D:2      | 952 ||| SHOPLISTING ring of a Million Visions {MP+9 Dex+6}
                  | (475 gold, have 26).
   952 | D:2      | 952 ||| SHOPLISTING ring of protection from cold (300 gold,
                  | have 26).
   952 | D:2      | 952 ||| SHOPLISTING ring of protection from fire (300 gold,
                  | have 26).
   952 | D:2      | 952 ||| SHOPLISTING ring of see invisible (180 gold, have
                  | 26).
  1015 | D:2      | Reached XP level 4. HP: 26/26 MP: 5/5
  1171 | D:2      | Reached skill level 4 in Ranged Weapons
  1355 | D:2      | Reached skill level 1 in Armour
  1744 | D:2      | 1744 ||| READING 2 scrolls labelled BOMOIT QINWI.
  1745 | D:2      | 1745 ||| READING scroll of enchant weapon.
  1745 | D:2      | 1745 ||| ENCHANTING +2 sling.
  1746 | D:2      | 1746 ||| READING scroll labelled XACUME ODISS.
  1758 | D:3      | 1758 ||| Stepping ~*~*~tactically~*~*~ (outnumbered).
  1760 | D:3      | 1760 ||| Stepping ~*~*~tactically~*~*~ (outnumbered).
  1765 | D:3      | HP: 4/26 [orc priest/divine providence (9)]
  1766 | D:3      | 1766 ||| READING scroll of teleportation.
  1766 | D:3      | Slain by an orc priest

Levels and vault maps discovered:
D:1:      lightli_arrival_noodles, layout_basic, serial_shops,
          nicolae_shop_tiny_real_fake_doors
D:2:      layout_basic, serial_shops, shop, minmay_fountain_box
D:3:      layout_basic

Skill      XL: |  1  2  3  4 |
---------------+-------------+-----
Ranged Weapons | 3 4 |  4.0
Fighting       | 2 |  2.0
Armour         | 1 |  1.0
Dodging        | |  1.5
Spellcasting   | |  1.0
Hexes          | |  2.6

Action                     |  1- 3 |  4- 6 || total
---------------------------+-------+-------++-------
   Fire: Sling             |   121 |    73 ||   194
    Use: Scroll            |     5 |     4 ||     9
 Armour: Robe              |     8 |       ||     8
         Ring mail         |    13 |    29 ||    42
  Dodge: Dodged            |    46 |    29 ||    75

Table legend:
 A = Non-vault XP
 B = Vault XP
 C = Vault XP percentage of total XP
 D = Non-vault monster count
 E = Vault monster count
 F = Vault count percentage of total count
                 A         B        C        D         E       F
            +---------+---------+-------+---------+---------+-------
      Total |     117 |       0 |   0.0 |      42 |       0 |   0.0
            +---------+---------+-------+---------+---------+-------
        D:1 |      44 |       0 |   0.0 |      26 |       0 |   0.0
        D:2 |      73 |       0 |   0.0 |      16 |       0 |   0.0
            +---------+---------+-------+---------+---------+-------
